Map: Tours du crépuscule

Players

pupu

  • Race: Protoss Protoss
  • League: Gold

AlCapone - Winner!

  • Race: Protoss Protoss
  • League: Silver

VOD

Have the link to the VOD?

Description

Time

  • Played on: April 19, 2016, 10:53 a.m.
  • Length: 8:31
Show
View Real Time Build Order
Export as new Build Order

pupu Protoss 

Build Orders: 1 Gate Expand 

Get SALT Encoding   

  12  0:01  Probe (Chrono Boost)  
  13  0:11  Probe (Chrono Boost)  
  14  0:18  Pylon  
  14  0:22  Probe (Chrono Boost)  
  15  0:36  Probe (Chrono Boost)  
  15  0:38  Gateway  
  16  0:47  Probe (Chrono Boost)  
  17  0:52  Assimilator  
  17  0:57  Probe (Chrono Boost)  
  18  1:08  Probe (Chrono Boost)  
  19  1:19  Probe (Chrono Boost)  
  20  1:31  Nexus  
  20  1:34  Probe (Chrono Boost)  
  21  1:42  Cybernetics Core  
  21  1:52  Probe (Chrono Boost)  
  22  1:57  Pylon  
  22  2:01  Assimilator  
  22  2:03  Probe (Chrono Boost)  
  23  2:23  Probe (Chrono Boost)  
  24  2:33  Warp Gate (Chrono Boost)  
  24  2:34  Probe (Chrono Boost)  
  24  2:36  Adept  
  27  2:41  Probe  
  28  2:46  Probe  
  29  2:52  Probe, Gateway  
  29  2:55  Gateway  
  29  2:57  Gateway  
  30  3:03  Robotics Facility  
  30  3:04  Probe  
  31  3:06  Probe  
  32  3:13  Pylon  
  32  3:17  Sentry  
  34  3:23  Probe  
  34  3:24  Probe  
  36  3:28  Pylon  
  36  3:33  Probe  
  36  3:35  Forge  
  37  3:42  Stalker  
  37  3:47  Stalker  
  41  3:57  Probe  
  41  3:59  Probe  
  32  4:36  Stalker x2  
  32  4:37  Stalker x2  
  40  4:48  Photon Cannon  
  40  4:52  Probe, Photon Cannon  
  40  4:54  Probe, Gateway  
  40  4:57  Protoss Ground Weapons Level 1 (Chrono Boost)  
  40  4:58  Assimilator  
  40  4:59  Observer  
  43  5:03  Probe  
  43  5:06  Probe  
  45  5:13  Probe  
  45  5:18  Probe  
  47  5:24  Probe  
  47  5:25  Pylon  
  48  5:30  Probe, Stalker x2  
  48  5:33  Stalker  
  48  5:35  Probe  
  55  5:42  Probe  
  57  5:44  Warp Prism  
  57  5:49  Pylon  
  59  5:56  Twilight Council  
  59  6:00  Probe x2, Pylon  
  61  6:09  Gateway  
  61  6:12  Probe  
  62  6:33  Stalker x3  
  62  6:34  Stalker  
  70  6:45  Probe  
  70  6:46  Pylon, Mothership Core  
  73  6:59  Probe  
  78  7:07  Probe, Zealot  
  78  7:08  Zealot  
  83  7:09  Zealot  
  83  7:12  Zealot  
  71  7:28  Zealot x3  
  73  7:30  Zealot  
  75  7:49  Probe  
  65  8:10  Probe  
  59  8:15  Zealot  
Show
View Real Time Build Order
Export as new Build Order

AlCapone Protoss - Winner!

Build Orders:  

Get SALT Encoding   

  12  0:01  Probe (Chrono Boost)  
  13  0:12  Probe (Chrono Boost)  
  14  0:20  Pylon  
  14  0:23  Probe (Chrono Boost)  
  15  0:38  Probe (Chrono Boost)  
  16  0:43  Gateway  
  16  0:48  Probe (Chrono Boost)  
  17  0:52  Assimilator  
  17  0:59  Probe (Chrono Boost)  
  18  1:09  Probe (Chrono Boost), Assimilator  
  19  1:20  Probe (Chrono Boost)  
  20  1:33  Zealot  
  22  1:40  Cybernetics Core  
  22  1:56  Probe (Chrono Boost)  
  22  2:00  Nexus  
  23  2:12  Pylon  
  23  2:18  Warp Gate (Chrono Boost)  
  23  2:30  Probe, Adept  
  23  2:31  Pylon  
  26  2:43  Probe  
  27  2:48  Robotics Facility  
  27  2:55  Mothership Core  
  29  3:01  Adept  
  31  3:11  Probe  
  32  3:16  Probe  
  33  3:21  Probe  
  33  3:22  Pylon  
  34  3:28  Adept  
  36  3:45  Probe  
  36  3:46  Probe  
  38  3:50  Observer  
  39  3:56  Gateway  
  39  3:57  Gateway  
  39  3:58  Probe  
  39  3:59  Pylon  
  32  4:39  Probe  
  32  4:41  Probe  
  34  4:52  Immortal  
  38  5:03  Forge  
  38  5:04  Stalker  
  38  5:05  Stalker x2  
  44  5:08  Probe  
  44  5:10  Probe  
  44  5:12  Pylon  
  44  5:13  Assimilator  
  46  5:16  Assimilator  
  46  5:19  Probe  
  47  5:22  Probe  
  48  5:33  Stalker  
  48  5:34  Stalker  
  48  5:35  Sentry  
  54  5:44  Immortal  
  58  5:53  Probe  
  58  5:55  Probe  
  60  6:04  Probe, Protoss Ground Weapons Level 1 (Chrono Boost)  
  60  6:07  Probe, Stalker  
  64  6:12  Zealot  
  64  6:15  Sentry  
  68  6:28  Immortal  
  72  6:32  Stalker  
  72  6:38  Probe  
  72  6:39  Probe  
  76  6:55  Probe x2  
  76  7:00  Nexus  
  68  7:41  Stalker x3  
  57  8:14  Zealot x2  
  57  8:15  Zealot  
Tags
 
Add a new tag
Caveats
  • Supply blocks, unpowered buildings, or Contaminate may cause inaccurate times.
  • Supply counts are checked every 10 seconds.